 Dungeon Crawl Stone Soup version bcrawl-1.21.3 (webtiles) character file.

Game seed: 2436990905539067784

2871 funkygono the Basher (level 9, -3/55 HPs)
             Began as a Gargoyle Archaeologist on Mar 28, 2020.
             Slain by a bullfrog (8 damage)
             ... on level 7 of the Dungeon.
             The game lasted 00:20:20 (8165 turns).

funkygono the Basher (Gargoyle Archaeologist)       Turns: 8165, Time: 00:20:21

Health: -3/55      AC: 17    Str: 24    XL:     9   Next: 76%
Magic:  9/9        EV: 15    Int: 15    God:
Gold:   667        SH:  0    Dex: 13    Spells: 8/8 levels left

rFire    . . .     SeeInvis .   a - +2 whip
rCold    . . .     Gourm    .   (no shield)
rNeg     + + .     Faith    .   m - +1 leather armour
rPois    ∞         Spirit   .   c - +1 hat
rElec    +         Reflect  .   (no cloak)
rCorr    .         Harm     .   q - +2 pair of gloves
MR       +....                  d - +1 pair of boots
Stlth    +++.......             j - amulet of the acrobat
HPRegen  0.18/turn              f - ring "Rinour" {+Blink rN+ Str+7 Dex+4}
MPRegen  0.11/turn              z - ring of protection from magic

@: no status effects
A: negative energy resistance 1, electricity resistance, unbreathing,
petrification resistance, rot immunity, AC +6
a: Evoke Blink


You were on level 7 of the Dungeon.
You were not hungry.

You visited 2 branches of the dungeon, and saw 8 of its levels.

You collected 667 gold pieces.

Inventory:

Hand Weapons
 a - a +2 whip (weapon)
 b - a cursed +3 flail
Missiles
 n - 1488 stones (quivered)
Armour
 c - a +1 hat (worn)
 d - a +1 pair of boots (worn)
 m - a +1 leather armour (worn)
 q - a +2 pair of gloves (worn)
 u - a +0 ring mail
 B - the +2 leather armour of Yfesimul {rElec rN+ Str-2, unknown}
   (You found it on level 7 of the Dungeon)

   It affects your strength (-2).
   It insulates you from electricity.
   It protects you from negative energy.
Magical Staves
 p - an uncursed staff of earth
Jewellery
 f - the ring "Rinour" (left hand) {+Blink rN+ Str+7 Dex+4}
   (You acquired it on level 3 of the Dungeon)

   [ring of dexterity]

   It affects your strength (+7).
   It affects your dexterity (+4).
   It protects you from negative energy.
   It lets you blink.
 j - an amulet of the acrobat (around neck)
 z - a ring of protection from magic (right hand)
Wands
 C - a wand of polymorph (2)
Scrolls
 g - 5 scrolls of magic mapping
 h - 3 scrolls of teleportation
 l - 2 scrolls of amnesia
 r - a scroll of immolation
 s - 2 scrolls of blinking
 v - a scroll of identify
 w - 2 scrolls of remove curse
 y - 2 scrolls of enchant weapon
Potions
 i - a potion of agility
 k - a potion of brilliance
 o - a potion of haste {unknown}
 t - a potion of curing
 x - a potion of flight {unknown}
 A - 2 potions of mutation
Comestibles
 e - 15 rations {!d}
 D - a chunk of flesh


   Skills:
 + Level 5.8 Fighting
 + Level 9.0 Maces & Flails
 + Level 3.7 Armour
 + Level 5.8 Dodging
 + Level 5.5 Stealth


You had 8 spell levels left.
You didn't know any spells.
Your spell library contained the following spells:

 Spells                   Type           Power        Failure   Level  Hunger
 Beastly Appendage        Tmut           #.....       30%         1    ##.....
 Sticks to Snakes         Tmut           #.......     41%         2    ###....
 Confuse                  Hex            #.......     65%         3    ####...
 Dazzling Spray           Conj/Hex       #.....       65%         3    ####...
 Spider Form              Tmut/Pois      #..          65%         3    ####...
 Ice Form                 Ice/Tmut       #.......     96%         4    #####..
 Petrify                  Tmut/Erth      #.......     96%         4    #####..
 Yara's Violent Unravell  Hex/Tmut       #.........   96%         4    #####..
 Blade Hands              Tmut           #.........   100%        5    ######.
 Metabolic Englaciation   Hex/Ice        #.........   100%        5    ######.
 Mana Rupture             Conj/Hex       #.........   100%        7    #######


Dungeon Overview and Level Annotations

Branches:
Dungeon (7/12)             Temple (1/1) D:4
   Lair: D:7-9

Altars:
Ashenzari
Cheibriados
Dithmenos
Elyvilon
Fedhas
Gozag
Lugonu
Makhleb
Nemelex Xobeh
Okawaru
Qazlal
Ru
Sif Muna
Trog
Wu Jian
Xom
Yredelemnul
Zin
The Shining One


Innate Abilities, Weirdness & Mutations

You are resistant to torment.
Your stone body is resilient. (AC +6)
You are immune to poison.
You resist negative energy. (rN+)
You are resistant to electric shocks. (rElec)
You can survive without breathing.
You are immune to petrification.
You are immune to rotting.


Message History

The hippogriff is severely wounded.
The bullfrog hits you but does no damage.
You barely miss the hippogriff.
The hippogriff is severely wounded.
The hippogriff bites you but does no damage.
The hippogriff pecks you but does no damage.
The hippogriff misses you. The bullfrog hits you!
* * * LOW HITPOINT WARNING * * *
You hit the hippogriff.
The hippogriff is severely wounded.
The bullfrog hits you.
* * * LOW HITPOINT WARNING * * *
The hippogriff misses you. The hippogriff barely misses you.
The hippogriff claws you but does no damage.
The bullfrog hits you.
* * * LOW HITPOINT WARNING * * *
You hit the bullfrog.
The bullfrog is moderately wounded.
The bullfrog hits you!
You die...

.... ##. .# ..##.....#
........## ..........#
..>....#.######. #####
#............... ....#
#..#...#@# ###.#
#..##.##F# #.# #.....†H.#
#.# ####...### #)# #...#
#[# #...# #.# ##)#
#...###### #.# .#
##..##### #........# #.#
.##
#.......####....###.###.#
.'


You could see a hippogriff and a bullfrog.

Vanquished Creatures
  The ghost of Lazarus1551 the Stinger, a novice OnWz of Sif Muna (D:5)
  A slime creature (D:7)
  An ice beast (D:6)
  4 ogres
  4 centaurs
  5 bullfrogs
  2 scorpions (D:4)
  9 wights
  A gnoll shaman (D:6)
  A jelly (D:7)
  2 orc priests
  2 hounds (D:4)
  4 orc wizards
  A bullfrog skeleton (D:5)
  6 worker ants
  4 hound skeletons
  A howler monkey zombie (D:6)
  A worker ant zombie (D:6)
  5 gnolls (D:6)
  7 adders
  An ooze (D:3)
  An adder skeleton (D:6)
  A worm (D:2)
  3 dart slugs
  2 leopard geckos (D:1)
  20 orcs
  7 bats
  3 giant cockroaches
  6 goblins
  12 hobgoblins
  5 jackals
  7 quokkas
  3 frilled lizards
  9 kobolds
  6 rats
148 creatures vanquished.

Notes
Turn   | Place    | Note
-------+----------+-------------------------------------------
     0 | D:1      | funkygono the Gargoyle Archaeologist began the quest for
                  | the Orb.
     0 | D:1      | Reached XP level 1. HP: 12/12 MP: 1/1
   221 | D:1      | Reached XP level 2. HP: 16/16 MP: 2/2
   716 | D:1      | Reached XP level 3. HP: 20/20 MP: 3/3
   964 | D:1      | Reached skill level 2 in Maces & Flails
  1259 | D:2      | Found a faded altar of an unknown god.
  1380 | D:2      | Reached XP level 4. HP: 9/25 MP: 4/4
  1757 | D:2      | Found an ornate altar of the Wu Jian Council.
  1757 | D:2      | Found a shimmering altar of Xom.
  1757 | D:2      | Found a corrupted altar of Lugonu.
  2513 | D:3      | Reached skill level 1 in Armour
  2526 | D:3      | Reached XP level 5. HP: 26/30 MP: 5/5
  2526 | D:3      | Identified a scroll of acquirement
  2843 | D:3      | Reached skill level 3 in Maces & Flails
  3595 | D:4      | Reached XP level 6. HP: 35/35 MP: 6/6
  4369 | D:4      | Found a staircase to the Ecumenical Temple.
  4378 | Temple   | Entered the Ecumenical Temple
  4592 | D:3      | Identified the ring "Rinour" {+Blink rN+ Str+7 Dex+4} (You
                  | acquired it on level 3 of the Dungeon)
  4946 | D:5      | Entered Level 5 of the Dungeon
  4968 | D:5      | Reached skill level 4 in Maces & Flails
  4968 | D:5      | Reached XP level 7. HP: 23/40 MP: 7/7
  5695 | D:5      | Found a runed translucent door.
  5695 | D:5      | Noticed Lazarus1551's ghost (novice OnWz)
  5855 | D:5      | Killed Lazarus1551's ghost
  5855 | D:5      | Reached skill level 5 in Maces & Flails
  5855 | D:5      | Reached skill level 5 in Dodging
  5855 | D:5      | Reached skill level 5 in Stealth
  5855 | D:5      | Reached XP level 8. HP: 23/48 MP: 8/8
  6060 | D:6      | Reached skill level 6 in Maces & Flails
  6476 | D:6      | Reached skill level 7 in Maces & Flails
  6525 | D:6      | Reached XP level 9. HP: 52/52 MP: 9/9
  7400 | D:7      | Reached skill level 8 in Maces & Flails
  7416 | D:7      | Reached skill level 5 in Fighting
  8067 | D:7      | Got a shimmering leather armour
  8143 | D:7      | Reached skill level 9 in Maces & Flails
  8165 | D:7      | Slain by a bullfrog

Skill      XL: |  1  2  3  4  5  6  7  8  9 |
---------------+----------------------------+-----
Stealth        | 4 5 |  5.5
Maces & Flails | 2 3 4 5 7 9 |  9.0
Dodging        | 3 4 5 |  5.8
Armour         | 1 2 3 |  3.7
Fighting       | 2 4 5 |  5.8

Action                   |  1- 3 |  4- 6 |  7- 9 || total
-------------------------+-------+-------+-------++-------
Melee: Whip              |   184 |   382 |   528 ||  1094
       Unarmed           |       |       |     2 ||     2
  Use: Scroll            |     5 |    10 |     2 ||    17
       Potion            |       |       |     3 ||     3
 Stab: Sleeping          |     6 |     5 |     4 ||    15
  Eat: Chunk             |     2 |    10 |     2 ||    14
       Ration            |       |     1 |     2 ||     3
Armor: Robe              |    32 |       |       ||    32
       Leather armour    |    26 |   201 |   161 ||   388
Dodge: Dodged            |   119 |   270 |   260 ||   649
